 Dungeon Crawl Stone Soup version 0.31.0-32-g396128a36d (webtiles) character file.

Game seed: 269007722263643410

564 Jaloux the Changeling (level 7, -3/48 HPs)
             Began as an Octopode Shapeshifter on Mar 25, 2024.
             Slain by an orc wizard
             ... wielding a +1 dagger of venom
              (4 damage)
             ... on level 4 of the Dungeon.
             The game lasted 00:03:42 (2711 turns).

Jaloux the Changeling (Octopode Shapeshifter)       Turns: 2711, Time: 00:03:43

Health: -3/48      AC:  1    Str: 14    XL:     7   Next: 32%
Magic:  6/7        EV: 13    Int: 14    God:
Gold:   200        SH:  0    Dex: 11    Spells: 3/6 levels left

rFire   . .          .
                       - Unarmed
rCold   . . .        (no shield)
rNeg    . . .        (helmet currently unavailable)
rPois   .            (no amulet)
rElec   .            Z - ring of wizardry
rCorr   .            (no ring)
SInv    .            (no ring)
Will    .....        (no ring)
Stlth   ++           (no ring)
HPRegen 0.28/turn    (no ring)
MPRegen 0.10/turn    (no ring)
                     (no ring)

%: wizardry (x1)
@: mighty, lethally poisoned (-3 -> -10), beast-form, attractive
A: beast (slay +3), almost no armour, amphibious, 8 rings, camouflage 1,
gelatinous body 1, (nimble swimmer 1), tentacles
a: Begin Untransformation


You were on level 4 of the Dungeon.
You were a hulking beast.
You visited 1 branch of the dungeon, and saw 4 of its levels.

You collected 200 gold pieces.


Innate Abilities, Weirdness & Mutations

You are a hulking beast.
Your limbs bulge with bestial killing power. (Slay +3)
You cannot wear most types of armour.
You are amphibious.
You can wear up to eight rings at the same time.
Your skin changes colour to match your surroundings (Stealth+).
Your rubbery body absorbs attacks. (AC +1, EV +1)
((You are camouflaged when in or above water. (Stealth+)))
You have tentacles for arms and can constrict up to eight enemies at once.


   Skills:
 - Level 4.0 Fighting
 - Level 2.0 Dodging
 + Level 4.4 Unarmed Combat
 + Level 2.5 Necromancy
 + Level 5.2 Shapeshifting


You had 3 spell levels left.
You knew the following spells:

 Your Spells              Type           Power      Damage    Failure   Level
f - Fugue of the Fallen   Necr           7%         N/A       12%         3

Your spell library contained the following spells:

 Spells                   Type           Power      Damage    Failure   Level
 Magic Dart               Conj           0%         1d3       12%         1
 Searing Ray              Conj           0%         2d4       17%         2
 Ozocubu's Armour         Ice            0%         N/A       32%         3
 Animate Dead             Necr           7%         N/A       38%         4
 Fulminant Prism          Conj/Alch      0%         3d5       71%         4
 Manifold Assault         Tloc           0%         N/A       71%         4
 Borgnjor's Vile Clutch   Necr/Erth      1%         N/A       86%         5
 Metabolic Englaciation   Hex/Ice        0%         N/A       95%         5
 Death Channel            Necr           3%         N/A       99%         6
 Sculpt Simulacrum        Ice/Alch       0%         N/A       100%        6

Inventory:

Hand Weapons
 k - a +0 dagger of venom
Missiles
 d - 5 datura-tipped darts (quivered)
Jewellery
 Z - a ring of wizardry (left tentacle)
Talismans
 b - a beast talisman
 c - a flux talisman
Scrolls
 e - a scroll of enchant weapon {unknown}
 f - a scroll of fog {unknown}
 g - a scroll of teleportation {unknown}
 i - 4 scrolls of identify {unknown}
 j - 2 scrolls of blinking {unknown}
 l - a scroll of poison {unknown}
 n - a scroll of enchant armour {unknown}
Potions
 a - a potion of lignification

Dungeon Overview and Level Annotations

Branches:
Dungeon (4/15)
 Temple: D:4-7

Altars:
Wu Jian

#. #. #.# #####.####
......... #
.###.....######.#####
............h{o......
###.....############
##...## ##(########
#......... #<########
#.# #.# ...


You could see an orc.


Message History

You are lethally poisoned!
It was a potion of attraction.
You feel attractive to monsters.
* * * LOW HITPOINT WARNING * * *
You feel very sick. Something barely misses you.
It was a potion of might.
You feel very mighty all of a sudden.
You feel less confused.
* * * LOW HITPOINT WARNING * * *
You feel very sick. Something hits you.
* * * LOW HITPOINT WARNING * * *
Unknown command.
You tentacle-slap something.
The wailing of tortured souls fills the air!
* * * LOW HITPOINT WARNING * * *
You feel very sick. Something barely misses you.
Unknown command.
You closely miss something.
* * * LOW HITPOINT WARNING * * *
You feel very sick. Something hits you.
* * * LOW HITPOINT WARNING * * *
You miss something.
The wailing of tortured souls fills the air!
Your fugue has ended.
* * * LOW HITPOINT WARNING * * *
You feel sick. Something hits you.
You die...

Skill      XL: |  1  2  3  4  5  6 |
---------------+-------------------+-----
Fighting       | 2 4 |  4.0
Shapeshifting  | 4 5 |  5.2
Necromancy     | 2 |  2.5
Unarmed Combat | 4 |  4.4
Dodging        | |  2.0

Action                     |  1- 3 |  4- 6 |  7- 9 || total
---------------------------+-------+-------+-------++-------
  Melee: Unarmed           |    41 |     8 |    35 ||    84
         Constrict         |    13 |    19 |     7 ||    39
         Tentacles         |    10 |    15 |     8 ||    33
         Dagger            |     3 |    61 |       ||    64
         Punch             |     2 |     1 |     1 ||     4
   Cast: Fugue of the Fall |       |       |     1 ||     1
    Use: Potion            |       |       |     3 ||     3
   Stab: Sleeping          |     5 |     9 |       ||    14
         Distracted        |     1 |       |       ||     1
 Armour: Skin              |    13 |    26 |    21 ||    60
  Dodge: Dodged            |    28 |    45 |    18 ||    91

Levels and vault maps discovered:
D:1:      elethiomel_arrival_shortcut, layout_loops_cross,
          ebering_ecumenical_altar_mist, serial_park_tiny_1
D:2:      layout_loops_ring, minivault_26, uniq_sigmund
D:3:      minmay_skewed_foursquare, layout_loops_corners,
          overflow_temple_1_default, uniq_grinder, uniq_robin
D:4:      layout_loops_ring, hangedman_abyss_or_decor_passed

Notes
Turn   | Place    | Note
-------+----------+-------------------------------------------
     0 | D:1      | Jaloux the Octopode Shapeshifter began the quest for the
                  | Orb.
     0 | D:1      | Reached XP level 1. HP: 13/13 MP: 1/1
    18 | D:1      | Found a faded altar of an unknown god.
   153 | D:1      | Reached skill level 2 in Fighting
   153 | D:1      | Reached XP level 2. HP: 14/19 MP: 2/2
   668 | D:2      | Noticed Sigmund
   673 | D:2      | Killed Sigmund
   674 | D:2      | Reached skill level 3 in Fighting
   674 | D:2      | Reached skill level 4 in Fighting
   674 | D:2      | Reached skill level 4 in Shapeshifting
   674 | D:2      | Reached XP level 3. HP: 21/27 MP: 3/3
   674 | D:2      | Reached XP level 4. HP: 25/33 MP: 4/4
   674 | D:2      | Reached XP level 5. HP: 28/37 MP: 5/5
  1680 | D:3      | Learned a level 3 spell: Fugue of the Fallen
  1723 | D:3      | Reached XP level 6. HP: 43/43 MP: 6/6
  1984 | D:3      | Reached skill level 1 in Necromancy
  2166 | D:3      | Found an ornate altar of the Wu Jian Council.
  2189 | D:3      | Noticed Grinder
  2202 | D:3      | Killed Grinder
  2203 | D:3      | Reached skill level 4 in Unarmed Combat
  2203 | D:3      | Reached skill level 2 in Necromancy
  2203 | D:3      | Reached skill level 5 in Shapeshifting
  2203 | D:3      | Reached XP level 7. HP: 35/48 MP: 7/7
  2276 | D:3      | Noticed Robin
  2303 | D:3      | Killed Robin
  2710 | D:4      | HP: 3/48 [something (3)]
  2711 | D:4      | HP: 1/48 [poisoned by an orc wizard]
  2711 | D:4      | Slain by an orc wizard

Vanquished Creatures
  Grinder (D:3)
  Sigmund (D:2)
  An ogre (D:3)
  An orc wizard (D:4)
  Robin (D:3)
  2 adders
  A ribbon worm (D:2)
  3 dart slugs
  4 orcs
  3 endoplasms
  4 giant cockroaches
  11 goblins
  4 hobgoblins
  8 jackals (D:2)
  3 quokkas
  3 ball pythons
  7 bats
  3 frilled lizards
  8 kobolds
  4 rats
73 creatures vanquished.

Table legend: (Time is in decaauts)
 A = Elapsed time spent in this place.
 B = Non-inter-level travel time spent in this place.
 C = Inter-level travel time spent in this place.
 D = Time resting spent in this place.
 E = Time spent auto-exploring this place.
 F = Levels seen in this place.
 G = Mean time per level.
                   A        B        C        D        E       F      G
               +--------+--------+--------+--------+--------+-----+--------+
         Total |   2703 |   2628 |     75 |     28 |   2181 |   4 |  675.8 |
       Dungeon |   2703 |   2628 |     75 |     28 |   2181 |   4 |  675.8 |
               +--------+--------+--------+--------+--------+-----+--------+

Top non-repeatable levels by time:
     D:3: 1189 daAuts
     D:2: 850 daAuts
     D:1: 627 daAuts
     D:4: 37 daAuts

Table legend:
 A = Non-vault XP
 B = Vault XP
 C = Vault XP percentage of total XP
 D = Non-vault monster count
 E = Vault monster count
 F = Vault count percentage of total count
                 A         B        C        D         E       F
            +---------+---------+-------+---------+---------+-------
      Total |     287 |     519 |  64.4 |      57 |      16 |  21.9
            +---------+---------+-------+---------+---------+-------
        D:1 |      30 |       0 |   0.0 |      17 |       0 |   0.0
        D:2 |      55 |     214 |  79.6 |      24 |       1 |   4.0
        D:3 |     164 |     305 |  65.0 |      14 |      15 |  51.7
        D:4 |      38 |       0 |   0.0 |       2 |       0 |   0.0
            +---------+---------+-------+---------+---------+-------
